 Dungeon Crawl Stone Soup version 0.24.0-125-gc4c63601f3 (webtiles) character file.

Game seed: 5710893547828062097, levelgen mode: deterministic

28 P0ring the Firebug (level 2, -7/20 HPs)
             Began as a Draconian Fire Elementalist on Mar 10, 2020.
             Mangled by Terence
             ... wielding a +7 hand axe of distortion
              (9 damage)
             ... on level 2 of the Dungeon.
             The game lasted 00:03:45 (1007 turns).

P0ring the Firebug (Draconian Fire Elementalist)    Turns: 1007, Time: 00:03:46

Health: -7/20      AC:  4    Str: 10    XL:     2   Next: 96%
Magic:  2/5        EV: 12    Int: 15    God:
Gold:   25         SH:  0    Dex: 11    Spells: 4/5 levels left

rFire    . . .     SeeInvis .   (no weapon)
rCold    . . .     Gourm    .   (no shield)
rNeg     . . .     Faith    .   (armour unavailable)
rPois    .         Spirit   .   (helmet restricted)
rElec    .         Reflect  .   (no cloak)
rCorr    .         Harm     .   (no gloves)
MR       .....                  (no boots)
Stlth    ++........             (no amulet)
HPRegen  0.06/turn              (no ring)
MPRegen  0.09/turn              (no ring)

@: no status effects
A: unfitting armour, cold-blooded, AC +4
a: no special abilities


You were on level 2 of the Dungeon.
You were hungry.

You visited 1 branch of the dungeon, and saw 2 of its levels.

You collected 25 gold pieces.

Inventory:

Hand Weapons
 h - a cursed +0 hand axe
Missiles
 d - 30 bolts
Jewellery
 e - an uncursed ring of ice {unknown}
Scrolls
 c - a scroll of amnesia {unknown}
 g - a scroll of enchant armour {unknown}
 i - a scroll of identify {unknown}
Potions
 a - a potion of curing {unknown}
 f - a potion of might {unknown}
Comestibles
 b - 2 rations


   Skills:
 + Level 2.1 Dodging
 + Level 1.8 Stealth
 + Level 0.1 Unarmed Combat
 + Level 2.2 Spellcasting
 + Level 1.2 Conjurations
 + Level 3.5 Fire Magic


You had 4 spell levels left.
You knew the following spells:

 Your Spells              Type           Power        Failure   Level  Hunger
a - Flame Tongue          Conj/Fire      #....        9%          1    #......

Your spell library contained the following spells:

 Spells                   Type           Power        Failure   Level  Hunger
 Throw Flame              Conj/Fire      #.....       12%         2    ###....
 Conjure Flame            Conj/Fire      #.......     24%         3    ###....
 Inner Flame              Hex/Fire       #.......     32%         3    ###....
 Sticky Flame             Conj/Fire      #.......     63%         4    #####..
 Fireball                 Conj/Fire      #.........   92%         5    ######.


Dungeon Overview and Level Annotations

Branches:
Dungeon (2/15)

Altars:

Annotations:
D:2 Jessica, Terence


Innate Abilities, Weirdness & Mutations

Your plain brown scales are hard. (AC +4)
You cannot fit into any form of body armour.
You are cold-blooded and may be slowed by cold attacks.


Message History

Confirm with . or Enter, or press ? or * to list all spells.
Aiming: Flame Tongue (safe; 9% risk of failure)
Press: ? - help, Shift-Dir - straight line, f/p - Terence
Aim: Terence, wielding a +7 hand axe of distortion and wearing a +3 scale mail of fire resistance (lightly wounded)
The flame tongue hits Terence.
Terence resists.
Terence is lightly wounded.
Terence hits you with a +7 hand axe of distortion.
* * * LOW HITPOINT WARNING * * *
Space bends around you.
* * * LOW HITPOINT WARNING * * *
Unknown command.
Casting: Flame Tongue (safe; 9% risk of failure)
Confirm with . or Enter, or press ? or * to list all spells.
Aiming: Flame Tongue (safe; 9% risk of failure)
Press: ? - help, Shift-Dir - straight line, f/p - Terence
Aim: Terence, wielding a +7 hand axe of distortion and wearing a +3 scale mail of fire resistance (lightly wounded)
The flame tongue hits Terence.
Terence resists.
Terence is moderately wounded.
Terence hits you with a +7 hand axe of distortion!
You die...

#.....#
####...#.#
.......#.#
######.#†#
.........# ###
########.# #.#
#.# #<# #.#
#####@##### #.#
#....@@...# #.#
#.###.###.# #.#
#.# #.# #># #.#
#.# #.# ... #.#
#.###########.#
#.............#
#############.#
#.#


You could see Terence and Jessica.

Vanquished Creatures
  A worm (D:2)
  A leopard gecko (D:1)
  2 bats
  2 goblins (D:1)
  A hobgoblin (D:1)
  3 jackals (D:1)
  5 kobolds
  A quokka (D:2)
  2 frilled lizards (D:2)
  3 rats
21 creatures vanquished.

Notes
Turn   | Place    | Note
-------+----------+-------------------------------------------
     0 | D:1      | P0ring the Draconian Fire Elementalist began the quest for
                  | the Orb.
     0 | D:1      | Reached XP level 1. HP: 14/14 MP: 3/3
   124 | D:1      | Reached XP level 2. HP: 20/20 MP: 0/5
   648 | D:2      | Noticed Jessica
   661 | D:2      | Noticed Terence
   698 | D:2      | HP: 1/20 [Terence/+7 hand axe of distortion (7)]
  1007 | D:2      | Mangled by Terence

Levels and vault maps discovered:
D:1:      nicolae_arrival_memento_mori, layout_rooms
D:2:      layout_basic, nemelex_xobeh_ov_fountains_minmay,
          nicolae_overflow_hidden_temple, uniq_terence, uniq_crazy_yiuf_cottage,
          uniq_jessica

Skill      XL: |  1  2 |
---------------+-------+-----
Dodging        | 2 |  2.1
Stealth        | |  1.8
Unarmed Combat | |  0.1
Spellcasting   | |  2.2
Conjurations   | |  1.2
Fire Magic     | |  3.5

Action                   || total
-------------------------++-------
Melee: Unarmed           ||    12
       Tailslap          ||     2
 Cast: Flame Tongue      ||    35
Armor: Skin              ||     5
Dodge: Dodged            ||    15
